 Dungeon Crawl Stone Soup version 0.30-a0-721-ga6a225cb13 (webtiles) character file.

Game seed: 14556030957931023755

106 Turgor the Gusty (level 4, -5/33 HPs)
             Began as a Draconian Air Elementalist on Jan 27, 2023.
             Slain by Grinder (6 damage)
             ... while paralysed by Grinder
             ... on level 3 of the Dungeon.
             The game lasted 00:12:41 (2308 turns).

Turgor the Gusty (Draconian Air Elementalist)       Turns: 2308, Time: 00:12:41

Health: -5/33      AC:  6    Str: 10    XL:     4   Next: 55%
Magic:  1/7        EV:  2    Int: 18    God:
Gold:   125        SH:  0    Dex: 11    Spells: 5/8 levels left

rFire   . . .      SeeInvis .    j - +3 short sword
rCold   . . .      Faith    .    (no shield)
rNeg    . . .      Spirit   .    (body armour unavailable)
rPois   .          Reflect  .    (helmet restricted)
rElec   .          Harm     .    k - +0 cloak
rCorr   .          Rampage  .    (no gloves)
Will    .....                    (no boots)
Stlth   ++                       (no amulet)
HPRegen 0.25/turn                (no ring)
MPRegen 0.10/turn                (no ring)

@: paralysed
A: AC +5, unfitting armour, cold-blooded
a: no special abilities


You were on level 3 of the Dungeon.
You visited 1 branch of the dungeon, and saw 3 of its levels.

You collected 125 gold pieces.

Inventory:

Hand Weapons
 g - a +0 sling
 j - a +3 short sword (weapon)
 l - a +2 quarterstaff of chaos
Missiles
 a - 4 javelins
 c - 18 stones
 f - 19 poisoned darts
Armour
 k - a +0 cloak (worn)
Potions
 b - a potion of brilliance {unknown}
 d - 3 potions of curing {unknown}
 e - 2 potions of heal wounds
 m - 2 potions of magic
 n - a potion of mutation {unknown}


   Skills:
 - Level 2.0 Dodging
 - Level 2.0 Stealth
 + Level 2.5 Spellcasting
 * Level 2.7 Conjurations
 * Level 4.0 Air Magic


You had 5 spell levels left.
You knew the following spells:

 Your Spells              Type           Power      Damage    Failure   Level
a - Shock                 Conj/Air       56%        1d6       4%          1
b - Static Discharge      Conj/Air       28%        2-4/arc   6%          2

Your spell library contained the following spells:

 Spells                   Type           Power      Damage    Failure   Level
 Swiftness                Air            16%        N/A       10%         3
 Airstrike                Air            8%         2d(2-18)  32%         4
 Inner Flame              Hex/Fire       2%         N/A       45%         3
 Flame Wave               Conj/Fire      7%         2d5       67%         4
 Sticky Flame             Conj/Fire      7%         2d3       67%         4


Dungeon Overview and Level Annotations

Branches:
Dungeon (3/15)

Altars:

Shops:
D:2 =

Annotations:
D:3 Grinder


Innate Abilities, Weirdness & Mutations

Your plain brown scales are hard. (AC +5)
You cannot fit into any form of body armour.
You are cold-blooded and may be slowed by cold attacks.


Message History

Grinder gestures at you. Pain shoots through your body!
Casting: Shock (safe; 4% risk of failure)
Confirm with . or Enter, or press ? or * to list all spells.
Aiming: Shock (safe; 4% risk of failure)
Press: ? - help, Shift-Dir - straight line The zap misses Grinder. x2; Grinder hits you!
* * * LOW HITPOINT WARNING * * *
You writhe in agony.
* * * LOW HITPOINT WARNING * * *
Unknown command.
Casting: Shock (safe; 4% risk of failure)
Confirm with . or Enter, or press ? or * to list all spells.
Aiming: Shock (safe; 4% risk of failure)
Press: ? - help, Shift-Dir - straight line The zap hits Grinder.
Grinder is moderately wounded.
The zap hits Grinder.
Grinder is heavily wounded.
Grinder barely misses you.
Casting: Shock (safe; 4% risk of failure)
Confirm with . or Enter, or press ? or * to list all spells.
Aiming: Shock (safe; 4% risk of failure)
Press: ? - help, Shift-Dir - straight line The zap hits Grinder.
Grinder is heavily wounded.
The zap misses Grinder.
Grinder hits you but does no damage.
Casting: Shock (safe; 4% risk of failure)
Confirm with . or Enter, or press ? or * to list all spells.
Aiming: Shock (safe; 4% risk of failure)
Press: ? - help, Shift-Dir - straight line The zap hits Grinder.
Grinder is severely wounded.
The zap misses Grinder.
Grinder gestures at you.
You suddenly lose the ability to move!
Grinder hits you.
* * * LOW HITPOINT WARNING * * *
You writhe in agony.
You die...

..........
#########< #. ..
#. . #. ##. #.
###########.. #.
.......5.##.# #.
########@##.#
#########. #.##.#
#.........
#.##.####.)...###<
#.........###.###.
####......###.....
..................
##################


You could see Grinder.

Vanquished Creatures
  Crazy Yiuf (D:2)
  3 adders
  A worm (D:2)
  3 bats
  2 endoplasms
  2 giant cockroaches
  8 goblins
  4 hobgoblins
  4 jackals (D:1)
  3 quokkas
  4 ball pythons
  4 frilled lizards (D:2)
  4 kobolds
  3 rats (D:1)
46 creatures vanquished.

Vanquished Creatures (others)
  A fungus (D:2)
1 creature vanquished.

Grand Total: 47 creatures vanquished

Notes
Turn   | Place    | Note
-------+----------+-------------------------------------------
     0 | D:1      | Turgor the Draconian Air Elementalist began the quest for
                  | the Orb.
     0 | D:1      | Reached XP level 1. HP: 14/14 MP: 3/3
     3 | D:1      | Noticed an electric eel
     4 | D:1      | Noticed an electric eel
   333 | D:1      | Reached XP level 2. HP: 17/20 MP: 3/5
  1284 | D:2      | Reached XP level 3. HP: 26/26 MP: 3/6
  1323 | D:2      | Learned a level 2 spell: Static Discharge
  1768 | D:2      | Found Qatos's Jewellery Shoppe.
  1842 | D:2      | Found a faded altar of an unknown god.
  1873 | D:2      | Found a runed translucent door.
  1874 | D:2      | Noticed Crazy Yiuf
  1882 | D:2      | Killed Crazy Yiuf
  1883 | D:2      | Reached XP level 4. HP: 33/33 MP: 3/7
  1973 | D:2      | Reached skill level 4 in Air Magic
  2289 | D:3      | Noticed Grinder
  2296 | D:3      | Paralysed by Grinder for 5 turns
  2307 | D:3      | Paralysed by Grinder for 4 turns
  2308 | D:3      | HP: 1/33 [Grinder (2)]
  2308 | D:3      | Slain by Grinder

Illustrated notes

Levels and vault maps discovered:
D:1:      arrival_aquarium_b, layout_loops_ring
D:2:      minmay_door_path, layout_basic, serial_shops, shop,
          basic_ecumenical_altar, uniq_crazy_yiuf_cottage
D:3:      layout_loops_ring, mainiacjoe_overflow_chevrons, uniq_terence,
          uniq_grinder

Skill      XL: |  1  2  3  4 |
---------------+-------------+-----
Dodging        | 2 |  2.0
Stealth        | 2 |  2.0
Conjurations   | 2 |  2.7
Air Magic      | 4 |  4.0
Spellcasting   | |  2.5

Action                     |  1- 3 |  4- 6 || total
---------------------------+-------+-------++-------
   Cast: Shock             |    74 |    22 ||    96
    Use: Scroll            |     2 |     3 ||     5
         Potion            |     1 |       ||     1
 Armour: Skin              |     9 |     1 ||    10
  Dodge: Dodged            |    19 |     5 ||    24

Table legend: (Time is in decaauts)
 A = Elapsed time spent in this place.
 B = Non-inter-level travel time spent in this place.
 C = Inter-level travel time spent in this place.
 D = Time resting spent in this place.
 E = Time spent auto-exploring this place.
 F = Levels seen in this place.
 G = Mean time per level.
                   A        B        C        D        E       F      G
               +--------+--------+--------+--------+--------+-----+--------+
         Total |   2307 |   2246 |     61 |    175 |   1531 |   3 |  769.0 |
       Dungeon |   2307 |   2246 |     61 |    175 |   1531 |   3 |  769.0 |
               +--------+--------+--------+--------+--------+-----+--------+

Top non-repeatable levels by time:
     D:1: 1115 daAuts
     D:2: 971 daAuts
     D:3: 220 daAuts
